 Dungeon Crawl Stone Soup version 0.27-a0-1332-g84bddb5ca7 (webtiles) character file.

Game seed: 15395309721988618455

99 spiderkeys the Skirmisher (level 4, -4/48 HPs)
             Began as an Octopode Abyssal Knight on June 25, 2021.
             Was a Follower of Lugonu.
             Slain by an orc (8 damage)
             ... on level 2 of the Dungeon.
             The game lasted 00:04:32 (2368 turns).

spiderkeys the Skirmisher (Octopode Abyssal Knight) Turns: 2368, Time: 00:04:33

Health: -4/48      AC:  1    Str: 12    XL:     4   Next: 72%
Magic:  6/6        EV: 10    Int: 14    God:    Lugonu [*.....]
Gold:   82         SH:  6    Dex: 11    Spells: 3/3 levels left

rFire    . . .     SeeInvis .   e - +0 trident
rCold    . . .     Faith    .   f - +0 kite shield
rNeg     . . .     Spirit   .   (helmet restricted)
rPois    .         Reflect  .   (no amulet)
rElec    .         Harm     .   (no ring)
rCorr    .         Rampage  .   (no ring)
Will     .....                  (no ring)
Stlth    ..........             (no ring)
HPRegen  0.16/turn              (no ring)
MPRegen  0.10/turn              (no ring)
                                (no ring)
                                (no ring)

@: berserking, very quick
A: almost no armour, amphibious, 8 rings, camouflage 1, gelatinous body 1,
(nimble swimmer 1), tentacles
a: Renounce Religion, Depart the Abyss


You were on level 2 of the Dungeon.
You worshipped Lugonu.
Lugonu was aware of your devotion.
You visited 1 branch of the dungeon, and saw 3 of its levels.
You visited the Abyss 1 time.

You collected 82 gold pieces.


Innate Abilities, Weirdness & Mutations

You cannot wear most types of armour.
You are amphibious.
You can wear up to eight rings at the same time.
Your skin changes colour to match your surroundings (Stealth+).
Your rubbery body absorbs attacks. (AC +1, EV +1)
((You are camouflaged near water. (Stealth+)))
You have tentacles for arms and can constrict up to eight enemies at once.


   Skills:
 + Level 3.6 Fighting
 + Level 2.9 Polearms
 + Level 3.1 Dodging
 + Level 0.5 Shields
 + Level 2.9 Invocations


You had 3 spell levels left.
You didn't know any spells.
Your spell library was empty.

Inventory:

Hand Weapons
 a - a +1 spear
 e - a +0 trident (weapon)
   (You found it on level 2 of the Dungeon)
Missiles
 c - 61 stones
 g - 25 arrows
Armour
 f - a +0 kite shield (worn)
   (You found it on level 2 of the Dungeon)
Scrolls
 b - 4 scrolls of identify {unknown}
Potions
 h - a potion of heal wounds {unknown}
 i - a potion of lignification {unknown}

Dungeon Overview and Level Annotations

Branches:
Dungeon (3/15)

Altars:

.......# #.##.##.....#
.....### #.##.##.....#
...#.#####....##...[.#
..................>..# #####
...#..##########.....# #...#
...##.# #.....# #.#.# ...##.#
#K######## #.#.# ##....####
#o#......###.#.# โŒ #..#....#
#@#......#.....# ##..##...#
#.#......#.#.### ....##...#
#.#......#.#.# #...##...#
#.#.รท....#.#.#
######...#######.#......#.#.#
###...##...........#.#)# #โ€
..##.##.#......#.#.#
#...##....#......#.#.#
#...##..#.##[..#.#.#.#


You could see an orc and a kobold.


Message History

The hobgoblin shouts!
You hit the hobgoblin but do no damage. You grab the hobgoblin.
You constrict the hobgoblin, but do no damage.
You block the hobgoblin's attack.
The hobgoblin hits you but does no damage.
You puncture the hobgoblin!
You kill the hobgoblin!
Lugonu accepts your kill.
No target in view!
You see here a hobgoblin corpse.
Key pressed, stopping explore.
A kobold comes into view. It is wielding a +0 club.
A kobold is nearby!
You puncture the kobold!
You kill the kobold!
Lugonu accepts your kill.
No target in view!
No target in view!
No target in view!
Things that are here:
a +0 club; a kobold corpse Key pressed, stopping explore.
Done exploring.
No target in view!
No target in view!
Done exploring.
Done exploring.
Done exploring.
No target in view!
There is a stone staircase leading down here.
You climb downwards.
A rat comes into view.
There is a stone staircase leading up here.
A rat is nearby!
You reach to attack!
The helpless rat fails to defend itself.
You hit the rat.
You kill the rat!
Lugonu accepts your kill.
No target in view!
No target in view!
An orc comes into view. It is wielding a +0 club.
An orc is nearby!
An orc comes into view. It is wielding a +0 flail.
The orc shouts! x2
A kobold comes into view.
It is wielding a +4 whip and quivering poisoned darts.
The kobold shouts!
You hit the orc but do no damage. Your grab misses the orc.
An orc comes into view. It is wielding a +0 club.
The orc barely misses you.
The kobold throws a poisoned dart.
The poisoned dart closely misses you.
There is a stone staircase leading up here.
The orc hits you with a +0 club.
You climb upwards.
There is a stone staircase leading down here.
You hit the orc. You grab the orc. You squeeze the orc.
You constrict the orc, but do no damage.
The orc hits you with a +0 club. The orc barely misses you. ๐Ÿ˜• HP[-5]
You take 5 damage, and now have 27/32 hp.
You hit the orc.
You kill the orc!
Lugonu accepts your kill.
Things that are here:
a +0 club; a +0 scale mail; an orc corpse You can no longer bend space around yourself. ๐Ÿ˜• HP[+1]
There is a stone staircase leading down here.
You climb downwards.
The orc barely misses you. The kobold hits you with a +4 whip!
There is a stone staircase leading up here. ๐Ÿ˜ฎ HP[-6]
You take 6 damage, and now have 22/32 hp.
You block the orc's attack. The kobold closely misses you.
You climb upwards.
There is a stone staircase leading down here.
You closely miss the kobold. Your grab misses the kobold.
Your squeeze misses the kobold. The orc hits you with a +0 flail.
The kobold hits you with a +4 whip.
* * * LOW HITPOINT WARNING * * *
The orc hits you with a +0 flail.
* * * LOW HITPOINT WARNING * * *
๐Ÿ˜ฑ HP[-15]
You take 15 damage, and now have 7/32 hp.
MASSIVE DAMAGE!! (PAUSE)
Okay, then.
Unknown command.
Unknown command.
The orc barely misses you. The orc hits you with a +0 flail.
* * * LOW HITPOINT WARNING * * *
๐Ÿ˜ฑ HP[-5]
You take 5 damage, and now have 2/32 hp.
The kobold throws a poisoned dart.
The poisoned dart barely misses you. ๐Ÿ˜ฑ HP[+1] It was a potion of berserk rage.
A red film seems to cover your vision as you go berserk!
You feel yourself moving faster!
You feel mighty! The orc hits you with a +0 flail!
You die...

Skill      XL: |  1  2  3 |
---------------+----------+-----
Dodging        | 3 |  3.1
Fighting       | |  3.6
Polearms       | |  2.9
Shields        | |  0.5
Invocations    | |  2.9

Action                   |  1- 3 |  4- 6 || total
-------------------------+-------+-------++-------
Melee: Spear             |    85 |       ||    85
       Tentacles         |    10 |     3 ||    13
       Constrict         |    14 |     8 ||    22
       Trident           |     1 |    40 ||    41
Invok: Depart the Abyss  |     1 |       ||     1
  Use: Potion            |       |     1 ||     1
 Stab: Sleeping          |     6 |     1 ||     7
Armor: Skin              |     2 |     2 ||     4
Dodge: Dodged            |    28 |    18 ||    46
Block: Kite shield       |       |    11 ||    11

Levels and vault maps discovered:
D:1:      dpeg_arrival_more_subterranean_lakeside_camping, layout_basic
D:2:      layout_basic, basic_ecumenical_altar, feat_on_display
D:3:      layout_rooms, lemuel_tele_altar, jmf_multi_god_temple2,
          overflow_temple_1_default, nrook_mini_vaults,
          corexii_hall_statues_deadend, uniq_robin

Notes
Turn   | Place    | Note
-------+----------+-------------------------------------------
     0 | Abyss:1  | spiderkeys the Octopode Abyssal Knight began the quest for
                  | the Orb.
     0 | Abyss:1  | Reached XP level 1. HP: 16/16 MP: 2/2
     0 | Abyss:1  | magus.rc [v1.9.10]
     7 | Abyss:1  | Found a corrupted altar of Lugonu.
    98 | Abyss:1  | Found a corrupted altar of Lugonu.
   196 | Abyss:2  | Noticed a hell hound
   197 | Abyss:2  | Noticed a flying skull
   199 | Abyss:2  | Noticed a hell hound
   200 | Abyss:2  | Noticed a flying skull
   200 | Abyss:2  | Noticed a flying skull
   201 | D:1      | You pass through the gate.
   201 | D:1      | Escaped the Abyss
   273 | D:1      | Reached XP level 2. HP: 21/21 MP: 3/3
   335 | D:1      | Reached * piety under Lugonu
   386 | D:1      | Reached XP level 3. HP: 26/26 MP: 4/4
  1208 | D:2      | Reached skill level 3 in Dodging
  1208 | D:2      | Reached XP level 4. HP: 31/31 MP: 6/6
  1253 | D:2      | Found a faded altar of an unknown god.
  1381 | D:2      | HP: 7/31 [hobgoblin (9)]
  1997 | D:2      | Reached ** piety under Lugonu
  2362 | D:2      | HP: 7/32 [orc (4)]
  2364 | D:2      | HP: 2/32 [orc (5)]
  2368 | D:2      | Slain by an orc

Vanquished Creatures
  3 adders (D:2)
  4 dart slugs (D:1)
  An orc (D:2)
  6 endoplasms
  3 giant cockroaches
  6 hobgoblins
  4 jackals (D:1)
  5 kobolds
  2 quokkas (D:1)
  3 ball pythons (D:1)
  3 bats
  4 frilled lizards
  9 goblins
  7 rats
60 creatures vanquished.

Table legend:
 A = Non-vault XP
 B = Vault XP
 C = Vault XP percentage of total XP
 D = Non-vault monster count
 E = Vault monster count
 F = Vault count percentage of total count
                 A         B        C        D         E       F
            +---------+---------+-------+---------+---------+-------
      Total |     142 |       0 |   0.0 |      60 |       0 |   0.0
            +---------+---------+-------+---------+---------+-------
        D:1 |      64 |       0 |   0.0 |      34 |       0 |   0.0
        D:2 |      77 |       0 |   0.0 |      25 |       0 |   0.0
        D:3 |       1 |       0 |   0.0 |       1 |       0 |   0.0
            +---------+---------+-------+---------+---------+-------

Illustrated notes

Table legend:
 A = Kills in this place as a percentage of kills in entire the game.
 B = Kills by you in this place as a percentage of kills by you in the entire game.
 C = Kills by friends in this place as a percentage of kills by friends in the entire game.
 D = Other kills in this place as a percentage of other kills in the entire game.
 E = Experience gained in this place as a percentage of experience gained in the entire game.
 F = Experience gained in this place divided by the number of levels of this place that you have seen.
                   A       B       C       D       E      F
               +-------+-------+-------+-------+-------+----------------------
         Total | 100.0 | 100.0 |   N/A |   N/A | 100.0 |  28.4
       Dungeon | 100.0 | 100.0 |   N/A |   N/A | 100.0 |  47.3
               +-------+-------+-------+-------+-------+----------------------

Table legend: (Time is in decaauts)
 A = Elapsed time spent in this place.
 B = Non-inter-level travel time spent in this place.
 C = Inter-level travel time spent in this place.
 D = Time resting spent in this place.
 E = Time spent auto-exploring this place.
 F = Levels seen in this place.
 G = Mean time per level.
                   A        B        C        D        E       F      G
               +--------+--------+--------+--------+--------+-----+--------+
         Total |   2387 |   2314 |     73 |    226 |   1624 |   5 |  477.4 |
       Dungeon |   2186 |   2113 |     73 |    226 |   1513 |   3 |  728.7 |
         Abyss |    200 |    200 |      0 |      0 |    111 |   2 |  100.0 |
               +--------+--------+--------+--------+--------+-----+--------+

Top non-repeatable levels by time:
     D:2: 1162 daAuts
     D:1: 1005 daAuts
 Abyss:1: 150 daAuts
 Abyss:2: 50 daAuts
     D:3: 18 daAuts
